 Dungeon Crawl Stone Soup version 0.29.1-4-g47bece8355 (webtiles) character file.

Game seed: 11348239672155340537

704 javelincjr the Magician (level 7, -5/49 HPs)
             Began as a Djinni Conjurer on Dec 9, 2022.
             Slain by KittyFluff's ghost (6 damage)
             ... on level 4 of the Dungeon.
             The game lasted 00:25:21 (3637 turns).

javelincjr the Magician (Djinni Conjurer)           Turns: 3637, Time: 00:25:22

Health: -5/49      AC: 10    Str:  6    XL:     7   Next: 99%
Gold:   205        EV: 18    Int: 22    God:
                   SH:  0    Dex: 18

rFire   + + .      SeeInvis .   w - +1 spear of the Madman {venom, *Rage Will+ Dex+7}
rCold   x . .      Faith    .   (no shield)
rNeg    . . .      Spirit   .   a - +0 robe
rPois   ∞          Reflect  .   u - +0 helmet
rElec   .          Harm     .   t - +1 cloak
rCorr   .          Rampage  .   c - +0 pair of gloves
Will    +....      Rage     20% (boots unavailable)
Stlth   ++........              (no amulet)
HPRegen 0.16/turn               n - +4 ring of evasion
MPRegen 0.00/turn               k - +4 ring of protection

@: sluggish, on berserk cooldown, flying, very slow
A: sickness immunity, fire resistance 2, cold vulnerability 1, float, innate
caster, HP casting, extra vitality 1
a: no special abilities


You were on level 4 of the Dungeon.
You visited 2 branches of the dungeon, and saw 8 of its levels.

You collected 205 gold pieces.

Inventory:

Hand Weapons
 f - a +0 sling
 g - a +1 dagger of pain
 s - a +4 quarterstaff of chaos
 w - the +1 spear of the Madman (weapon) {venom, *Rage Will+ Dex+7}
   (You found it on level 3 of the Dungeon)

   It poisons the flesh of those it strikes.
   Dex:       It affects your dexterity (+7).
   *Rage:     It berserks you when you make melee attacks (+20% chance).
   Will:      It increases your willpower.
Missiles
 e - 40 stones
 v - 4 boomerangs (quivered)
 y - 6 javelins
 F - 11 poisoned darts
Armour
 a - a +0 robe (worn)
 c - a +0 pair of gloves (worn)
 t - a +1 cloak (worn)
 u - a +0 helmet (worn)
Magical Staves
 i - a staff of earth
 B - a staff of air
Jewellery
 j - a ring of protection from fire
 k - a +4 ring of protection (right hand)
 n - a +4 ring of evasion (left hand)
Wands
 A - a wand of quicksilver (3)
 D - a wand of paralysis (13)
Scrolls
 d - 6 scrolls of identify {unknown}
 h - a scroll of enchant armour {unknown}
 o - a scroll of brand weapon {unknown}
 p - 2 scrolls of noise {unknown}
 x - a scroll of enchant weapon {unknown}
 C - 2 scrolls of butterflies {unknown}
 E - 4 scrolls of teleportation
Potions
 b - a potion of lignification {unknown}
 l - a potion of might {unknown}
 m - a potion of attraction {unknown}
 q - a potion of mutation {unknown}
 r - a potion of haste {unknown}
 z - a potion of curing
 G - a potion of heal wounds {unknown}
 H - a potion of flight {unknown}


   Skills:
 * Level 2.5 Fighting
 - Level 0.2 Short Blades
 * Level 2.5(2.7) Polearms
 + Level 1.2(2.2) Staves
 + Level 0.4 Throwing
 + Level 3.9 Dodging
 + Level 3.1 Stealth
 + Level 4.9 Spellcasting


You couldn't memorise any spells.
You knew the following spells:

 Your Spells              Type           Power      Damage    Failure   Level
a - Magic Dart            Conj           100%       1d8       1%          1
b - Searing Ray           Conj           54%        2d6       1%          2
c - Dazzling Flash        Conj/Hex       54%        N/A       4%          3
d - Fulminant Prism       Conj/Hex       13%        3d9       13%         4
e - Iskenderun's Mystic   Conj/Tloc      27%        2d7       13%         4
f - Necrotise             Necr           100%       1d9       1%          1
g - Wereblood             Tmut           27%        N/A       1%          2
h - Swiftness             Air            27%        N/A       4%          3
Your spell library was empty.

Dungeon Overview and Level Annotations

Branches:
Dungeon (7/15)             Temple (1/1) D:6

Altars:
Cheibriados
Dithmenos
Elyvilon
Hepliaklqana
Makhleb
Ru
Uskayaw
Wu Jian
Zin
The Shining One

Annotations:
D:4 1 transporter, KittyFluff's ghost, novice GrBe


Innate Abilities, Weirdness & Mutations

You are immune to sickness and miasma.
You are immune to poison.
Your flesh is very heat resistant. (rF++)
You are vulnerable to cold. (rC-)
You float through the air rather than walking.
You learn spells naturally, not from books.
Your magical power is your life essence.
You have superior vitality. (+4 MHP)


Message History

Casting: Swiftness (dangerous; 4% risk of failure)
Confirm with . or Enter, or press ? or * to list all spells.
Aiming: Searing Ray (safe; 1% risk of failure)
Press: ? - help, Shift-Dir - straight line, f - KittyFluff's ghost
Aim: KittyFluff's ghost (moderately damaged, 74% to hit)
The searing ray hits KittyFluff's ghost.
KittyFluff's ghost is moderately damaged. (Press . to maintain the ray.) KittyFluff's ghost hits you but does no damage.
The searing ray misses KittyFluff's ghost.
You feel sluggish. KittyFluff's ghost barely misses you.
KittyFluff's ghost misses you.
The searing ray misses KittyFluff's ghost.
KittyFluff's ghost barely misses you.
The searing ray hits KittyFluff's ghost but does no damage.
KittyFluff's ghost is moderately damaged.
* * * LOW HITPOINT WARNING * * *
You finish channelling your searing ray.
KittyFluff's ghost closely misses you. KittyFluff's ghost barely misses you.
It was a potion of curing.
You feel better.
KittyFluff's ghost hits you but does no damage.
Casting: Searing Ray (safe; 1% risk of failure)
Confirm with . or Enter, or press ? or * to list all spells.
Aiming: Searing Ray (safe; 1% risk of failure)
Press: ? - help, Shift-Dir - straight line, f/p - KittyFluff's ghost
Aim: KittyFluff's ghost (moderately damaged, 74% to hit)
The searing ray hits KittyFluff's ghost.
KittyFluff's ghost is heavily damaged. (Press . to maintain the ray.) KittyFluff's ghost hits you.
KittyFluff's ghost hits you!
* * * LOW HITPOINT WARNING * * *
The searing ray hits KittyFluff's ghost!
KittyFluff's ghost is severely damaged.
* * * LOW HITPOINT WARNING * * *
You feel yourself speed up. KittyFluff's ghost hits you.
* * * LOW HITPOINT WARNING * * *
Without enough magic to sustain it, your searing ray dissipates.
KittyFluff's ghost hits you.
You die...

#...####............)))....#
..#####...................######
.##...............)............#
.#.....##......................#
##......#.........##...........#
#.......#........####....###...#
#.............####).##..##.# ..#
#.........#..##.©.#..#©.# .# ..#
###.......#..#..@#.###..# ##..#
..###...#....##W#####...# #..#
...###..##....##).#....## #..#
.........##...##..##.###.. ##..#
..##....##...##.#..###...###...#
..###........#..#.#x.....#.....##
..##......#..##.#####....##.....#
..............##..W#.©... ##....#
....#..........#..#.###### ##...#


You could see KittyFluff's ghost.

Vanquished Creatures
  An ice beast (D:6)
  A sky beast (D:6)
  An ogre (D:4)
  A phantom (D:4)
  A scorpion (D:6)
  2 hounds
  Crazy Yiuf (D:2)
  A small abomination (D:4)
  An iguana (D:6)
  An iron imp (D:4)
  An orc wizard (D:4)
  3 adders
  2 gnolls (D:4)
  A worm (D:4)
  A dart slug (D:1)
  5 orcs
  4 ball pythons (D:1)
  5 bats
  6 endoplasms
  2 giant cockroaches
  4 goblins
  7 hobgoblins
  2 jackals (D:3)
  7 kobolds
  5 quokkas
  A frilled lizard (D:3)
  3 rats
70 creatures vanquished.

Vanquished Creatures (others)
  4 fulminant prisms (D:4)
  30 plants (D:2)
34 creatures vanquished.

Grand Total: 104 creatures vanquished

Notes
Turn   | Place    | Note
-------+----------+-------------------------------------------
     0 | D:1      | javelincjr the Djinni Conjurer began the quest for the Orb.
     0 | D:1      | javelincjr set off with the following spells memorised:
                  | Magic Dart, Searing Ray, Dazzling Flash, Fulminant Prism,
                  | Iskenderun's Mystic Blast.
     0 | D:1      | Reached XP level 1. HP: 15/15 MP: 0/0
   320 | D:1      | Reached XP level 2. HP: 19/21 MP: 0/0
   812 | D:1      | Reached XP level 3. HP: 10/25 MP: 0/0
   812 | D:1      | Learned a level 1 spell: Necrotise
  1057 | D:2      | Found an ornate altar of the Wu Jian Council.
  1502 | D:2      | Reached skill level 4 in Spellcasting
  1540 | D:2      | Found a runed translucent door.
  1541 | D:2      | Noticed Crazy Yiuf
  1550 | D:2      | Killed Crazy Yiuf
  1551 | D:2      | Reached XP level 4. HP: 21/31 MP: 0/0
  1961 | D:3      | Identified the +1 spear of the Madman {venom, *Rage Will+
                  | Dex+7}
  2015 | D:5      | Entered Level 5 of the Dungeon
  2345 | D:3      | Reached XP level 5. HP: 20/36 MP: 0/0
  2345 | D:3      | Learned a level 2 spell: Wereblood
  2639 | D:4      | Noticed a phantom
  2652 | D:4      | Killed a phantom
  2653 | D:4      | Reached skill level 1 in Fighting
  2653 | D:4      | Reached skill level 1 in Polearms
  2653 | D:4      | Reached XP level 6. HP: 37/42 MP: 0/0
  2665 | D:4      | Noticed an ogre
  2707 | D:6      | Noticed a sky beast
  2707 | D:6      | Noticed an ice beast
  2707 | D:6      | Found a staircase to the Ecumenical Temple.
  2711 | D:6      | Killed a sky beast
  2729 | D:6      | Killed an ice beast
  2730 | D:6      | Reached skill level 1 in Staves
  2730 | D:6      | Reached XP level 7. HP: 48/48 MP: 0/0
  2730 | D:6      | Learned a level 3 spell: Swiftness
  2927 | Temple   | Entered the Ecumenical Temple
  3489 | D:4      | Found a transporter.
  3532 | D:4      | Found a transporter.
  3607 | D:4      | Noticed KittyFluff's ghost (novice GrBe)
  3616 | D:4      | Noticed a small abomination
  3636 | D:4      | HP: 1/49 [KittyFluff's ghost (6)]
  3637 | D:4      | Slain by KittyFluff's ghost

Illustrated notes

Levels and vault maps discovered:
D:1:      dpeg_arrival_chambers_temple_mockup, layout_basic,
          shapermc_ecumenical_altar_totnotflames, amcnicky_mini_pool_small
D:2:      layout_rooms, basic_altar, serial_bayou_lagoon_a,
          uniq_crazy_yiuf_cottage
D:3:      layout_basic, minmay_misc_feat_iff
D:4:      minmay_general_purpose_star, layout_cave_pools, minitemple,
          old_standard_altar, gammafunk_ghost_abyssal_escape,
          chequers_serial_rivers_micro_d, grunt_decor_fettered, uniq_menkaure
D:5:      layout_loops_ring, minivault_25, minmay_statues_item
D:6:      layout_rooms, temple_fountains
D:7:      layout_basic, serial_shops, shop, hellmonk_ghost_happy_afterlife,
          kennysheep_generic_room_12
Temple:   bh_familiar_temple

Skill      XL: |  1  2  3  4  5  6  7 |
---------------+----------------------+-----
Spellcasting   | 4 |  4.9
Stealth        | 2 3 |  3.1
Fighting       | 1 2 |  2.5
Polearms       | 1 2 |  2.5
Dodging        | 3 |  3.9
Staves         | 1 |  1.2
Short Blades   | |  0.2
Throwing       | |  0.4

Action                   |  1- 3 |  4- 6 |  7- 9 || total
-------------------------+-------+-------+-------++-------
Melee: Short sword       |    11 |       |       ||    11
       Dagger            |    20 |       |       ||    20
       Quarterstaff      |       |    14 |       ||    14
       Spear             |       |    59 |    41 ||   100
Throw: Boomerang         |       |     3 |     7 ||    10
 Cast: Magic Dart        |    40 |     5 |     4 ||    49
       Searing Ray       |     5 |     2 |     4 ||    11
       Fulminant Prism   |       |       |     4 ||     4
       Swiftness         |       |       |     2 ||     2
  Use: Potion            |       |       |     1 ||     1
 Stab: Sleeping          |     1 |     2 |       ||     3
Armor: Robe              |    12 |    18 |    11 ||    41
Dodge: Dodged            |    29 |    78 |    33 ||   140
